 Dungeon Crawl Stone Soup version 0.30-a0-782-ge64f9170bb (webtiles) character file.

Game seed: 16733636062122638367

2641 sanka the Skirmisher (level 9, -3/79 HPs)
             Began as a Demigod Hunter on Mar 16, 2023.
             Succumbed to a killer bee's poison
             ... on level 8 of the Dungeon.
             The game lasted 00:09:09 (7103 turns).

sanka the Skirmisher (Demigod Hunter)               Turns: 7103, Time: 00:09:09

Health: -3/79      AC:  6    Str: 12    XL:     9   Next: 13%
Magic:  11/11      EV: 13    Int: 11    God:
Gold:   324        SH:  0    Dex: 35    Spells: 8/8 levels left

rFire   . . .      SeeInvis .    a - +0 shortbow
rCold   . . .      Faith    .    (shield currently unavailable)
rNeg    . . .      Spirit   .    c - +0 leather armour
rPois   .          Reflect  .    (no helmet)
rElec   .          Harm     .    j - +0 cloak
rCorr   .          Rampage  .    (no gloves)
Will    .....                    G - +1 pair of boots
Stlth   +++                      (no amulet)
HPRegen 0.33/turn                (no ring)
MPRegen 0.12/turn                H - +6 ring of dexterity

@: lethally poisoned (-3 -> -18)
A: high MP 1, forlorn, divine attributes
a: no special abilities


You were on level 8 of the Dungeon.
You visited 1 branch of the dungeon, and saw 8 of its levels.

You collected 324 gold pieces.


Innate Abilities, Weirdness & Mutations

You have an increased reservoir of magic. (+10% MP)
You shall have no god before yourself.
Your divine heritage dramatically boosts your attributes as you level up.


   Skills:
 + Level 7.5 Fighting
 - Level 10.0 Ranged Weapons
 - Level 1.7 Dodging
 - Level 0.8 Stealth


You had 8 spell levels left.
You didn't know any spells.
Your spell library contained the following spells:

 Spells                   Type           Power      Damage    Failure   Level
 Necrotise                Necr           0%         1d4       41%         1
 Sandblast                Erth           0%         2d4       41%         1
 Blink                    Tloc           0%         N/A       56%         2
 Lesser Beckoning         Tloc           0%         N/A       56%         2
 Passwall                 Tmut/Erth      0%         N/A       56%         2
 Gell's Gravitas          Tloc           0%         N/A       80%         3
 Stone Arrow              Conj/Erth      0%         3d7       80%         3
 Teleport Other           Tloc           0%         N/A       80%         3
 Vampiric Draining        Necr           0%         2d6       80%         3
 Manifold Assault         Tloc           0%         N/A       99%         4
 Agony                    Necr           0%         N/A       100%        5
 Storm Form               Tmut/Air       0%         N/A       100%        7

Inventory:

Hand Weapons
 a - a +0 shortbow (weapon)
Missiles
 y - 6 curare-tipped darts {=f}
Armour
 c - a +0 leather armour (worn)
 j - a +0 cloak (worn)
 G - a +1 pair of boots (worn)
Magical Staves
 B - a staff of earth
Jewellery
 H - a +6 ring of dexterity (right hand)
Wands
 C - a wand of paralysis (15)
 E - a wand of roots (6)
Scrolls
 b - 3 scrolls of immolation {!r}
 d - 3 scrolls of teleportation {unknown}
 f - 2 scrolls of magic mapping {unknown}
 g - 2 scrolls of enchant armour {unknown}
 h - a scroll of silence {unknown}
 k - 2 scrolls of butterflies {unknown}
 l - 3 scrolls of identify {unknown}
 m - 2 scrolls of fog {unknown}
 p - 5 scrolls of noise {unknown}
 r - a scroll of brand weapon {unknown}
 s - a scroll of poison {unknown}
 v - 3 scrolls of fear {unknown}
 x - a scroll of enchant weapon {unknown}
 A - a scroll of amnesia {unknown}
 D - a scroll of blinking {unknown}
Potions
 i - 2 potions of mutation {unknown}
 n - 2 potions of brilliance {unknown}
 o - 2 potions of curing {unknown}
 q - a potion of lignification {unknown}
 t - 2 potions of haste {unknown}
 u - a potion of might {unknown}
 w - a potion of invisibility {unknown}
 z - 2 potions of flight {unknown}
 F - a potion of attraction {unknown}
 I - a potion of ambrosia {unknown}

Dungeon Overview and Level Annotations

Branches:
Dungeon (8/15)               Lair (0/5) D:8
 Temple: D:4-7

Annotations:
D:2 1 runed translucent door, Crazy Yiuf
D:3 1 runed translucent door, hackum's ghost, amateur SpHu
D:7 Dowan; Duvessa; Joseph

▒▒▒▒▒▒▒.▒ ▒.......▒
▒..<...▒▒ ▒.......▒
+.<.....▒ ▒..>....▒ ▒▒▒▒
▒......▒▒ ▒▒▒
▒▒▒..▒▒▒......▒▒▒▒▒▒▒▒>▒
......▒....)..yyp......▒
...y..▒.......y▒▒▒▒▒▒▒▒▒
.......†.......▒
.▒..........▒▒▒▒
▒▒▒▒▒▒▒▒▒▒▒▒▒


You could see 3 killer bees.


Message History

The arrow misses the killer bee.
The arrow misses the killer bee.
* * * LOW HITPOINT WARNING * * *
You feel very sick. The killer bee stings you.
* * * LOW HITPOINT WARNING * * *
The killer bee barely misses you.
Unknown command.
You shoot an arrow.
The arrow closely misses the killer bee.
The arrow closely misses the killer bee.
* * * LOW HITPOINT WARNING * * *
You feel sick. The killer bee barely misses you.
The killer bee closely misses you.
Unknown command.
You shoot an arrow. The arrow misses the killer bee.
The arrow closely misses the killer bee.
* * * LOW HITPOINT WARNING * * *
You feel very sick. The killer bee stings you.
* * * LOW HITPOINT WARNING * * *
You are more poisoned.
The killer bee poisons you! The killer bee barely misses you.
You shoot an arrow. The arrow misses the killer bee.
The arrow misses the killer bee.
You die...

Action                     |  1- 3 |  4- 6 |  7- 9 || total
---------------------------+-------+-------+-------++-------
   Fire: Shortbow          |   123 |   205 |   273 ||   601
    Use: Potion            |       |       |     4 ||     4
 Armour: Leather armour    |    22 |    29 |    32 ||    83
  Dodge: Dodged            |    27 |    76 |   110 ||   213

Levels and vault maps discovered:
D:1:      erik_arrival_blinker_ship, layout_basic,
          ebering_ecumenical_altar_webs, grunt_decor_one_mirror
D:2:      layout_loops_ring, minmay_lizard_pond, uniq_crazy_yiuf_cottage
D:3:      minmay_roachtagon, layout_basic, ebering_ghost_reflecting_pool,
          kennysheep_generic_room_5
D:4:      layout_basic, kennysheep_mini
D:5:      layout_cave_pods, mainiacjoe_overflow_tiny_flanked,
          hangedman_abyss_or_decor_passed, minmay_stone_trees_medium,
          minmay_chambers_of_fives
D:6:      layout_loops_ring, gammafunk_temple_overflow_forgotten, uniq_menkaure,
          uniq_grinder, uniq_blork_the_orc
D:7:      layout_cave_pools, minmay_temple_entry_enclosed_plants, uniq_joseph,
          uniq_duvessa
D:8:      layout_gridville, lair_entry_dummy

Notes
Turn   | Place    | Note
-------+----------+-------------------------------------------
     0 | D:1      | sanka the Demigod Hunter began the quest for the Orb.
     0 | D:1      | Reached XP level 1. HP: 17/17 MP: 3/3
    10 | D:1      | Reached skill level 2 in Fighting
    61 | D:1      | Reached skill level 4 in Ranged Weapons
    83 | D:1      | Reached XP level 2. HP: 24/24 MP: 4/4
   428 | D:1      | Reached XP level 3. HP: 30/30 MP: 5/5
  1036 | D:2      | Found a runed translucent door.
  1037 | D:2      | Noticed Crazy Yiuf
  1489 | D:3      | Noticed a phantom
  1491 | D:3      | Reached skill level 3 in Fighting
  1491 | D:3      | Reached XP level 4. HP: 38/38 MP: 6/6
  1508 | D:3      | Killed a phantom
  1509 | D:3      | Reached skill level 5 in Ranged Weapons
  1617 | D:3      | Found a runed translucent door.
  1618 | D:3      | Noticed hackum's ghost (amateur SpHu)
  1633 | D:3      | Reached XP level 5. HP: 45/45 MP: 7/7
  2284 | D:3      | Reached skill level 4 in Fighting
  2660 | D:4      | HP: 4/46 [iguana (6)]
  2942 | D:4      | Reached XP level 6. HP: 31/52 MP: 8/8
  3518 | D:4      | Reached skill level 6 in Ranged Weapons
  3589 | D:5      | Entered Level 5 of the Dungeon
  3615 | D:5      | Reached XP level 7. HP: 56/60 MP: 9/9
  3691 | D:5      | Reached skill level 5 in Fighting
  4072 | D:5      | Reached skill level 7 in Ranged Weapons
  4673 | D:6      | Noticed Blork the orc
  4680 | D:6      | Noticed Menkaure
  4681 | D:6      | Killed Blork the orc
  4751 | D:6      | Killed Menkaure
  4787 | D:6      | Noticed Grinder
  4802 | D:6      | Killed Grinder
  4803 | D:6      | Reached skill level 8 in Ranged Weapons
  4803 | D:6      | Reached XP level 8. HP: 63/70 MP: 10/10
  4871 | D:6      | Reached skill level 6 in Fighting
  5612 | D:6      | Reached skill level 9 in Ranged Weapons
  5987 | D:6      | Reached skill level 7 in Fighting
  6257 | D:7      | Reached XP level 9. HP: 56/78 MP: 11/11
  6365 | D:7      | Noticed Joseph
  6652 | D:7      | Noticed Duvessa
  6652 | D:7      | Noticed Dowan
  7042 | D:8      | Found a staircase to the Lair.
  7072 | D:8      | Reached skill level 10 in Ranged Weapons
  7093 | D:8      | HP: 7/79 [killer bee (3)]
  7093 | D:8      | HP: 1/79 [poisoned by a killer bee]
  7100 | D:8      | HP: 7/79 [killer bee (6)]
  7102 | D:8      | HP: 3/79 [poisoned by a killer bee]
  7102 | D:8      | HP: 1/79 [killer bee (2)]
  7103 | D:8      | Succumbed to a killer bee's poison

Vanquished Creatures
  Grinder (D:6)
  Menkaure (D:6)
  2 water moccasins
  An ice beast (D:6)
  2 black bears
  An ogre (D:7)
  A phantom (D:3)
  A kobold brigand (D:7)
  Blork the orc (D:6)
  2 bullfrogs (D:6)
  2 necrophages (D:6)
  2 scorpions (D:6)
  7 wights
  A killer bee (D:8)
  2 hounds
  A gnoll bouda (D:4)
  3 jellies
  An orc priest (D:5)
  3 orc wizards
  7 iguanas
  4 gnolls (D:4)
  12 adders
  A white imp (D:5)
  An ufetubus (D:6)
  3 worms
  A dart slug (D:4)
  24 orcs
  6 ball pythons
  8 endoplasms
  10 giant cockroaches
  4 hobgoblins
  6 jackals
  16 kobolds
  8 quokkas
  5 bats
  13 frilled lizards
  8 goblins
  8 rats
180 creatures vanquished.

Vanquished Creatures (others)
  3 plants (D:6)
3 creatures vanquished.

Grand Total: 183 creatures vanquished
